 Dungeon Crawl Stone Soup version 0.31-a0-1068-g5939ac1fb6 (webtiles) character file.

Game seed: 10528040212485330944

250 Dirtsage the Insei (level 5, -1/43 HPs)
             Began as a Demonspawn Monk on Nov 24, 2023.
             Slain by a gnoll
             ... wielding a +0 flail
              (9 damage)
             ... on level 3 of the Dungeon.
             The game lasted 00:02:30 (1720 turns).

Dirtsage the Insei (Demonspawn Monk)                Turns: 1720, Time: 00:02:31

Health: -1/43      AC:  6    Str: 13    XL:     5   Next: 88%
Magic:  5/5        EV: 12    Int: 12    God:
Gold:   99         SH:  0    Dex: 15    Spells: 4/4 levels left

rFire   . .          .
                       - Unarmed
rCold   . . .        c - orb {light}
rNeg    . . .        d - +0 leather armour
rPois   .            (no helmet)
rElec   .            (no cloak)
rCorr   .            (no gloves)
SInv    .            (no boots)
Will    .....        (no amulet)
Stlth   +            (no ring)
HPRegen 0.27/turn    (no ring)
MPRegen 0.09/turn

%: no passive effects
@: glowing
A: thin metallic scales 2
a: no special abilities


You were on level 3 of the Dungeon.
You visited 1 branch of the dungeon, and saw 3 of its levels.

You collected 99 gold pieces.

Inventory:

Armour
 a - a +0 robe
 c - an orb of light (worn)
 d - a +0 leather armour (worn)
Scrolls
 f - a scroll of fear {unknown}
 g - a scroll of vulnerability {unknown}
 h - 2 scrolls of identify {unknown}
 i - a scroll of immolation {unknown}
Potions
 b - a potion of might {unknown}
 e - a potion of lignification {unknown}
 l - a potion of heal wounds


   Skills:
 + Level 4.5 Fighting
 - Level 2.6 Dodging
 * Level 5.2 Unarmed Combat


You had 4 spell levels left.
You didn't know any spells.
Your spell library contained the following spells:

 Spells                   Type           Power      Damage    Failure   Level
 Foxfire                  Conj/Fire      0%         2x1d4     38%         1
 Sting                    Tmut/Pois      0%         1d3       38%         1
 Poisonous Vapours        Pois/Air       0%         N/A       54%         2
 Olgreb's Toxic Radiance  Pois           0%         N/A       99%         4
 Plasma Beam              Fire/Air       0%         2x1d10    100%        6
 Starburst                Conj/Fire      0%         6d3       100%        6


Dungeon Overview and Level Annotations

Branches:
Dungeon (3/15)

Altars:

Annotations:
D:3 Grinder


Innate Abilities, Weirdness & Mutations

You are mostly covered in thin metallic scales. (AC +3)


Message History

Grinder blinks!
You hit the gnoll but do no damage. The gnoll closely misses you.
You hit the gnoll.
The gnoll is lightly wounded.
The gnoll closely misses you.
You barely miss the gnoll.
The gnoll is lightly wounded.
The gnoll hits you with a +0 flail.
You take 5 damage, and have 25/43 hp.
You hit the gnoll but do no damage. The gnoll hits you with a +0 flail.
You hit the gnoll.
The gnoll is moderately wounded.
The gnoll hits you with a +0 flail.
You take 2 damage, and have 23/43 hp.
You hit the gnoll but do no damage.
The gnoll is moderately wounded.
The gnoll barely misses you.
You hit the gnoll but do no damage.
The gnoll is moderately wounded.
The gnoll hits you with a +0 flail.
You take 5 damage, and have 18/43 hp.
You punch the gnoll!
The gnoll is almost dead.
The gnoll closely misses you.
You hit the gnoll.
You kill the gnoll!
Grinder blinks!
You hit the gnoll but do no damage. You hit the gnoll but do no damage.
Grinder blinks!
You hit the gnoll.
The gnoll is heavily wounded.
The gnoll hits you with a +0 flail!
* * * LOW HITPOINT WARNING * * *
The gnoll hits you with a +0 whip.
* * * LOW HITPOINT WARNING * * *
You take 13 damage, and have 7/43 hp.
MASSIVE DAMAGE!!
The gnoll hits you but does no damage. The gnoll misses you.
The gnoll attacks as it pursues you! The gnoll hits you with a +0 flail!
You die...

.# #......).......#
.# #..............#
.####..............#
....#..............#
....#..............#
....#..............#
....#..#############
....#.##
##......####.#.
##....#
#$g.g.g@.......
....#.#
#.g.....####...
....#.####5#######
....#....#)#
....####g#g###
....#......ยง.#
....#........#
....#............
....#............


You could see Grinder and 4 gnolls.

Vanquished Creatures
  Sigmund (D:2)
  3 gnolls (D:3)
  2 adders (D:2)
  2 orcs (D:3)
  A ball python (D:2)
  3 bats
  3 endoplasms
  A giant cockroach (D:1)
  5 goblins
  2 hobgoblins
  3 jackals (D:1)
  A quokka (D:1)
  4 frilled lizards
  3 rats
34 creatures vanquished.

Notes
Turn   | Place    | Note
-------+----------+-------------------------------------------
     0 | D:1      | Dirtsage the Demonspawn Monk began the quest for the Orb.
     0 | D:1      | Reached XP level 1. HP: 18/18 MP: 1/1
   143 | D:1      | Reached skill level 3 in Unarmed Combat
   173 | D:1      | Gained mutation: You are partially covered in thin metallic
                  | scales. (AC +2) [demonic ancestry]
   173 | D:1      | Reached XP level 2. HP: 20/24 MP: 2/2
   500 | D:1      | Found a faded altar of an unknown god.
   843 | D:2      | Reached XP level 3. HP: 29/29 MP: 3/3
   858 | D:2      | Noticed Sigmund
   896 | D:2      | Killed Sigmund
   897 | D:2      | Reached skill level 4 in Unarmed Combat
   897 | D:2      | Gained mutation: You are mostly covered in thin metallic
                  | scales. (AC +3) [demonic ancestry]
   897 | D:2      | Reached XP level 4. HP: 27/38 MP: 4/4
   897 | D:2      | Reached XP level 5. HP: 30/43 MP: 5/5
  1220 | D:2      | Reached skill level 5 in Unarmed Combat
  1687 | D:3      | Noticed Grinder
  1720 | D:3      | Slain by a gnoll

Illustrated notes

Levels and vault maps discovered:
D:1:      roadster_arrival_rocket_large, layout_basic,
          shapermc_ecumenical_altar_petra
D:2:      layout_basic, chequers_garden, nicolae_elevator_lobby_asterisk,
          uniq_sigmund
D:3:      layout_basic, uniq_robin, uniq_grinder

Skill      XL: |  1  2  3  4  5 |
---------------+----------------+-----
Unarmed Combat | 3 4 5 |  5.2
Fighting       | 4 |  4.5
Dodging        | |  2.6

Action                     |  1- 3 |  4- 6 || total
---------------------------+-------+-------++-------
  Melee: Unarmed           |    78 |    46 ||   124
    Use: Potion            |     2 |       ||     2
 Armour: Robe              |     5 |       ||     5
         Leather armour    |    35 |    27 ||    62
  Dodge: Dodged            |    38 |    26 ||    64

Table legend: (Time is in decaauts)
 A = Elapsed time spent in this place.
 B = Non-inter-level travel time spent in this place.
 C = Inter-level travel time spent in this place.
 D = Time resting spent in this place.
 E = Time spent auto-exploring this place.
 F = Levels seen in this place.
 G = Mean time per level.
                   A        B        C        D        E       F      G
               +--------+--------+--------+--------+--------+-----+--------+
         Total |   1711 |   1682 |     29 |      0 |   1440 |   3 |  570.3 |
       Dungeon |   1711 |   1682 |     29 |      0 |   1440 |   3 |  570.3 |
               +--------+--------+--------+--------+--------+-----+--------+

Top non-repeatable levels by time:
     D:1: 807 daAuts
     D:2: 673 daAuts
     D:3: 230 daAuts
